 Dungeon Crawl Stone Soup version 0.22-a0-479-gc6e99f3 (webtiles) character file.

197 Leadpipe the Poker (level 5, 0/39 HPs)
             Began as a Demonspawn Gladiator on June 14, 2018.
             Succumbed to a scorpion's poison
             ... on level 3 of the Dungeon.
             The game lasted 00:17:15 (2891 turns).

Leadpipe the Poker (Demonspawn Gladiator)           Turns: 2891, Time: 00:17:16

Health: 0/39       AC:  4    Str: 16    XL:     5   Next: 46%
Magic:  5/5        EV: 13    Int:  9    God:
Gold:   113        SH:  0    Dex: 14    Spells: 4/4 levels left

rFire    . . .     SeeInvis .   a - +0 trident
rCold    . . .     Gourm    .   (no shield)
rNeg     . . .     Faith    .   b - +0 leather armour
rPois    .         Spirit   .   c - +0 helmet
rElec    .         Reflect  .   (no cloak)
rCorr    .         Harm     .   (no gloves)
MR       .....                  (no boots)
Stlth    +++.......             (no amulet)
HPRegen  0.13/turn              (no ring)
MPRegen  0.09/turn              (no ring)

@: lethally poisoned (0 -> -7), hasted, very quick
A: hooves 1, nightstalker 1
a: no special abilities


You were on level 3 of the Dungeon.
You were not hungry.

You visited 1 branch of the dungeon, and saw 4 of its levels.

You collected 113 gold pieces.

Inventory:

Hand Weapons
 a - a +0 trident (weapon)
 o - a +1 spear of flaming
Missiles
 d - 3 throwing nets (quivered)
Armour
 b - a +0 leather armour (worn)
 c - a +0 helmet (worn)
Wands
 i - a wand of flame (9)
Scrolls
 e - a scroll of blinking {unknown}
 g - a scroll of amnesia {unknown}
 h - 4 scrolls of identify {unknown}
 k - 3 scrolls of remove curse
 l - a scroll of enchant weapon {unknown}
 n - 3 scrolls of enchant armour {unknown}
Potions
 j - a potion of lignification
Comestibles
 f - 3 rations


   Skills:
 + Level 2.3 Fighting
 + Level 4.1 Polearms
 - Level 1.7 Throwing
 * Level 2.3 Armour
 - Level 2.9 Dodging
 + Level 2.1 Stealth


You had 4 spell levels left.
You didn't know any spells.
Your spell library contained the following spells:

 Spells                   Type           Power        Failure   Level  Hunger
 Magic Dart               Conj           #...         43%         1    ##.....
 Conjure Flame            Conj/Fire      #.......     82%         3    ####...
 Slow                     Hex            #.......     58%         2    ###....
 Mephitic Cloud           Conj/Pois/Air  #.......     82%         3    ####...
 Blink                    Tloc           N/A          58%         2    ###....
 Call Imp                 Summ           #.......     58%         2    ###....


Dungeon Overview and Level Annotations

Branches:
Dungeon (4/15)
 Temple: D:4-7

Altars:

Annotations:
D:3 Purgy


Innate Abilities, Weirdness & Mutations

You have large cloven feet.
You are slightly more attuned to the shadows.


Message History

You are lethally poisoned!
The scorpion poisons you! The scorpion stings you.
* * * LOW HITPOINT WARNING * * *
You closely miss the scorpion.
The scorpion is heavily wounded.
* * * LOW HITPOINT WARNING * * *
You feel sick. The scorpion closely misses you.
It was a potion of haste.
You feel yourself speed up.
* * * LOW HITPOINT WARNING * * *
You feel sick. The scorpion completely misses you.
You puncture the scorpion!
The scorpion is almost dead.
* * * LOW HITPOINT WARNING * * *
You feel sick.
You closely miss the scorpion.
You kill the scorpion!
Your Stealth skill increases to level 2!
As you read the scroll labeled ANTOOQ AVIMU, it crumbles to dust.
You feel blessed for a moment.
It was a scroll of remove curse.
You die...

#.#.[.# #########...#
..#.#.#### ###..#
.##.#....# ..# #(.
###.####.### ..## .. #.#
#...## #... #.# ###..#
#..# ###.# ##.#####..#
.#
.##.#######........##.#
...............†@......
....#######.......#.##.
.#.(.### ##.####..#..##.
##.....###..# ##>.....g
####....#..## #.#.#..# #
##.#.....#####.#...# #
#....##.<..##...#.#
#####.########........|#
...)...# ##............


There were no monsters in sight!

Vanquished Creatures
  A scorpion (D:3)
  Jessica (D:2)
  4 adders
  2 oozes
  4 worms (D:2)
  2 dart slugs
  2 leopard geckos
  An orc (D:3)
  2 ball pythons
  8 giant cockroaches
  4 hobgoblins (D:1)
  3 jackals (D:1)
  2 quokkas (D:2)
  7 bats
  A frilled lizard (D:2)
  4 goblins
  6 kobolds (D:1)
  8 rats
62 creatures vanquished.

Notes
Turn   | Place    | Note
-------+----------+-------------------------------------------
     0 | D:1      | Leadpipe the Demonspawn Gladiator began the quest for the Orb.
     0 | D:1      | Reached XP level 1. HP: 16/16 MP: 1/1
   160 | D:1      | Reached skill level 3 in Polearms
   169 | D:1      | Gained mutation: You are slightly more attuned to the shadows. [demonic ancestry]
   169 | D:1      | Reached XP level 2. HP: 21/22 MP: 2/2
   566 | D:1      | Gained mutation: You have large cloven feet. [demonic ancestry]
   566 | D:1      | Reached XP level 3. HP: 27/27 MP: 3/3
   942 | D:2      | Reached skill level 1 in Stealth
  1212 | D:2      | Reached skill level 1 in Armour
  1417 | D:2      | Reached XP level 4. HP: 22/33 MP: 4/4
  2355 | D:3      | Noticed Jessica
  2551 | D:2      | Killed Jessica
  2554 | D:2      | Reached XP level 5. HP: 25/38 MP: 5/5
  2760 | D:3      | Noticed Purgy
  2842 | D:4      | Reached skill level 4 in Polearms
  2850 | D:4      | Noticed an ogre
  2889 | D:3      | HP: 1/38 [poisoned by a scorpion]
  2891 | D:3      | Succumbed to a scorpion's poison

Vault maps used:
D:1:      dpeg_arrival_shrine, st_stairs_9, grunt_decor_clamped,
          hangedman_decor_clover_reticule, minmay_unequal
D:2:      grunt_ministairs_6
D:3:      uniq_jessica, uniq_purgy
D:4:      nicolae_overflow_crystal_walls, gammafunk_temple_overflow_pools,
          serial_shops, shop, first_ration, nicolae_ossuary_entry_plus

Skill      XL: |  1  2  3  4  5 |
---------------+----------------+-----
Polearms       | 3 4 |  4.1
Stealth        | 1 2 |  2.1
Armour         | 1 2 |  2.3
Fighting       | |  2.3
Throwing       | |  1.7
Dodging        | |  2.9

Action                   |  1- 3 |  4- 6 || total
-------------------------+-------+-------++-------
Melee: Trident           |   147 |    68 ||   215
       Kick              |    16 |    13 ||    29
  Use: Potion            |       |     3 ||     3
       Scroll            |       |     1 ||     1
 Stab: Sleeping          |    18 |     3 ||    21
  Eat: Chunk             |     1 |     2 ||     3
       Ration            |       |     1 ||     1
Armor: Leather armour    |    33 |    22 ||    55
Dodge: Dodged            |    83 |    58 ||   141

Table legend:
 A = Spawn XP
 B = Non-spawn XP
 C = Spawn XP percentage of total XP
 D = Spawn monster count
 E = Non-spawn monster count
 F = Spawn count percentage of total count
 G = Total turns spent on level
                    A         B        C        D         E        F      G
               +---------+---------+-------+---------+---------+-------+---------
         Total |       0 |     282 |   0.0 |       0 |      62 |   0.0 |  2891
               +---------+---------+-------+---------+---------+-------+---------
           D:1 |       0 |      47 |   0.0 |       0 |      27 |   0.0 |   868
           D:2 |       0 |     136 |   0.0 |       0 |      28 |   0.0 |  1654
           D:3 |       0 |      86 |   0.0 |       0 |       6 |   0.0 |   292
           D:4 |       0 |      13 |   0.0 |       0 |       1 |   0.0 |    77
               +---------+---------+-------+---------+---------+-------+---------
